 Dungeon Crawl Stone Soup version 0.31-a0-187-gba352fbbf7 (webtiles) character file.

Game seed: 3214314839245687932

84 qw the Shooter (level 4, 0/18 (25) HPs)
             Began as a Deep Elf Hunter on June 22, 2023.
             Slain by Terence
             ... wielding a +1 short sword of draining
              (6 damage)
             ... on level 3 of the Dungeon.
             The game lasted 00:00:36 (1553 turns).

qw the Shooter (Deep Elf Hunter)                    Turns: 1553, Time: 00:00:37

HP:   0/18 (25)     AC:  6    Str: 10    XL:     4   Next: 24%
MP:   6/6           EV: 11    Int: 14    God:
Gold: 102           SH:  0    Dex: 18    Spells: 3/3 levels left

rFire   . . .        Y - +0 shortbow
rCold   . . .        (shield currently unavailable)
rNeg    . . .        h - +0 ring mail
rPois   .            g - +0 helmet
rElec   .            (no cloak)
rCorr   .            (no gloves)
SInv    .            (no boots)
Will    .....        (no amulet)
Stlth   +            (no ring)
HPRegen 0.23/turn    (no ring)
MPRegen 0.10/turn

%: no passive effects
@: very heavily drained
A: no striking features
a: no special abilities


You were on level 3 of the Dungeon.
You visited 1 branch of the dungeon, and saw 3 of its levels.

You collected 102 gold pieces.


   Skills:
 - Level 1.5 Fighting
 + Level 7.7 Ranged Weapons
 - Level 2.4 Dodging
 - Level 1.2 Stealth


You had 3 spell levels left.
You didn't know any spells.
Your spell library was empty.

Inventory:

Hand Weapons
 Y - a +0 shortbow (weapon)
Armour
 g - a +0 helmet (worn)
 h - a +0 ring mail (worn)
Potions
 a - a potion of curing {unknown}
 b - a potion of haste {unknown}
 c - a potion of brilliance {unknown}
 d - a potion of heal wounds {unknown}
 f - a potion of cancellation {unknown}
 i - a potion of magic {unknown}
 j - 2 potions of degeneration {unknown}
 k - a potion of lignification {unknown}

Dungeon Overview and Level Annotations

Branches:
Dungeon (3/15)

Altars:

Annotations:
D:1 1 transporter
D:3 Terence


Message History

Terence is lightly wounded.
A frilled lizard comes into view.
A ball python comes into view.
You shoot an arrow. The frilled lizard hisses angrily.
The ball python hisses angrily.
The arrow hits Terence but does no damage.
Terence is lightly wounded.
You shoot an arrow. The arrow hits Terence.
Terence is moderately wounded.
You shoot an arrow. The arrow closely misses Terence.
You shoot an arrow.
The arrow hits Terence but does no damage.
Terence is moderately wounded.
Terence hits you but does no damage.
You feel drained.
You shoot an arrow. The arrow hits Terence.
Terence is moderately wounded.
Terence hits you with a +1 short sword of draining.
You feel drained. The frilled lizard misses you. Terence barely misses you.
You shoot an arrow. The arrow closely misses Terence.
The ball python closely misses you. x2
The frilled lizard bites you but does no damage.
Terence hits you with a +1 short sword of draining.
You feel drained.
You shoot an arrow. The arrow hits Terence.
Terence is heavily wounded.
The ball python closely misses you. The ball python grabs you.
The ball python constricts you.
Terence hits you with a +1 short sword of draining.
You feel drained. The frilled lizard bites you.
The ball python barely misses you. The ball python constricts you.
You shoot an arrow.
The arrow closely misses the ball python.
The frilled lizard bites you but does no damage.
Terence hits you with a +1 short sword of draining.
You feel drained.
The ball python bites you but does no damage.
The ball python constricts you.
You shoot an arrow. The arrow hits the ball python.
You kill the ball python!
Terence hits you with a +1 short sword of draining.
You die...

.
####........###.#
................#
.....%........###
....#.........#
..#.#.........#
###.#.........#
...###..##.##....
#......##.#......
#.##..@l.........
#<.%@###.#.....
.......?. .# ..>.
.......... ..
...........!.
...........(
.............
..).........#.


You could see Terence and a frilled lizard.

Vanquished Creatures
  3 adders (D:2)
  2 dart slugs
  7 ball pythons
  4 endoplasms
  4 giant cockroaches
  6 goblins
  5 hobgoblins
  3 jackals (D:1)
  7 kobolds
  2 quokkas
  A bat (D:3)
  2 frilled lizards
  3 rats
49 creatures vanquished.

Notes
Turn   | Place    | Note
-------+----------+-------------------------------------------
     0 | D:1      | qw the Deep Elf Hunter began the quest for the Orb.
     0 | D:1      | Reached XP level 1. HP: 12/12 MP: 3/3
     0 | D:1      | 0 ||| qw: Version: 0.3-a-9-g12657ce
     0 | D:1      | 0 ||| qw: Game counter: 2588
     0 | D:1      | 0 ||| qw: Always use a shield: true
     0 | D:1      | 0 ||| qw: God list: Okawaru
     0 | D:1      | 0 ||| qw: Allow faded altars: false
     0 | D:1      | 0 ||| qw: Do Orc after D:15 true
     0 | D:1      | 0 ||| qw: Do second Lair branch before Depths: true
     0 | D:1      | 0 ||| qw: Lair rune preference: random
     0 | D:1      | 0 ||| qw: Plans: Normal
     0 | D:1      | 0 ||| PLANNING D:1-11
   162 | D:1      | Reached skill level 6 in Ranged Weapons
   162 | D:1      | Reached XP level 2. HP: 16/16 MP: 4/4
   664 | D:1      | 664 ||| UPGRADING to +0 helmet.
   669 | D:1      | 669 ||| UPGRADING to +0 ring mail.
   679 | D:1      | 679 ||| DROPPING +0 leather armour.
   680 | D:1      | 680 ||| READING scroll labelled CIDIGE RIMNI.
   781 | D:1      | 781 ||| READING scroll labelled UHUFFOCLIB.
   782 | D:1      | 782 ||| READING scroll labelled FYASKOACRA.
   783 | D:1      | 783 ||| DROPPING scroll of butterflies.
   796 | D:2      | 796 ||| STAIRDANCE
   798 | D:1      | HP: 4/16 [poisoned by a goblin]
   799 | D:1      | Reached XP level 3. HP: 5/20 MP: 5/5
  1094 | D:2      | Reached skill level 7 in Ranged Weapons
  1187 | D:2      | Reached XP level 4. HP: 25/25 MP: 6/6
  1513 | D:2      | 1513 ||| READING scroll labelled XUCOTHR IKO FEMN.
  1543 | D:3      | Noticed Terence
  1553 | D:3      | Slain by Terence

Levels and vault maps discovered:
D:1:      spicycebolla_arrival_risky_transporter, layout_loops_ring,
          chequers_serial_rivers_large_a
D:2:      kennysheep_six_static_rooms, layout_basic
D:3:      layout_rooms, okawaru_ov_weapons_minmay, fedhas_altar_3,
          mainiacjoe_overflow_catwalk, uniq_terence, uniq_sigmund

Skill      XL: |  1  2  3 |
---------------+----------+-----
Ranged Weapons | 6 7 |  7.7
Fighting       | |  1.5
Dodging        | |  2.4
Stealth        | |  1.2

Action                     |  1- 3 |  4- 6 || total
---------------------------+-------+-------++-------
   Fire: Shortbow          |   110 |    29 ||   139
    Use: Scroll            |     3 |     1 ||     4
 Armour: Leather armour    |     3 |       ||     3
         Ring mail         |     7 |     4 ||    11
  Dodge: Dodged            |    16 |     8 ||    24

Table legend:
 A = Non-vault XP
 B = Vault XP
 C = Vault XP percentage of total XP
 D = Non-vault monster count
 E = Vault monster count
 F = Vault count percentage of total count
                 A         B        C        D         E       F
            +---------+---------+-------+---------+---------+-------
      Total |     112 |      10 |   8.2 |      43 |       6 |  12.2
            +---------+---------+-------+---------+---------+-------
        D:1 |      37 |       0 |   0.0 |      21 |       0 |   0.0
        D:2 |      70 |      10 |  12.5 |      18 |       6 |  25.0
        D:3 |       5 |       0 |   0.0 |       4 |       0 |   0.0
            +---------+---------+-------+---------+---------+-------
